 Dungeon Sprint DCSS version 0.31-a0-1071-gaead2f62b1 (webtiles) character file.

Game seed: 6353094192370545027

151383 rocky1 the Ogreish Porcupine (level 17, -29/226 HPs)
             Began as an Ogre Gladiator on Nov 26, 2023.
             Was the Champion of Cheibriados.
             Killed from afar by a Hell Sentinel (36 damage)
             ... with damnation
             ... in the Dungeon (Sprint VII: "The Pits").
             The game lasted 00:31:51 (9730 turns).

rocky1 the Ogreish Porcupine (Ogre Gladiator)       Turns: 9730, Time: 00:31:52

Health: -29/226    AC: 34    Str: 46    XL:     17   Next: 26%
Magic:  40/48      EV: 18    Int: 30    God:    Cheibriados [******]
Gold:   157        SH:  0    Dex: 27    Spells: 38/52 levels left

rFire   + + +        W - +8 bardiche (venom)
rCold   + + .        (shield currently unavailable)
rNeg    + . .        L - +2 gold dragon scales
rPois   +            c - +2 hat
rElec   +            v - +0 cloak
rCorr   .            (gloves unavailable)
SInv    .            (boots unavailable)
Will    +....        Q - amulet "Ytuu" {RegenMP Contam rPois Str+5 Int+4} Stlth
                     b - ring "Zeujaud" {rElec rN+ AC+6 Dex+2}
HPRegen 0.57/turn    H - ring "Qaepaer" {Drain rF++ rC+ MP+9 Stlth+}
MPRegen 0.71/turn

%: no teleportation
@: slowed, studying Maces & Flails, very slow
A: large, unfitting armour, tough skin 1
}: 1/3 runes: silver
a: Renounce Religion, Bend Time, Temporal Distortion, Slouch, Step From Time


You were in the Dungeon.
You worshipped Cheibriados.
Cheibriados was exalted by your worship.
You visited 1 branch You collected 157 gold pieces.

Inventory:

Hand Weapons
 O - a +0 heavy executioner's axe
 W - a +8 bardiche of venom (weapon)
Missiles
 d - 4 throwing nets (quivered)
 e - 49 large rocks
Armour
 c - a +2 hat (worn)
 v - a +0 cloak (worn)
 K - +7 fire dragon scales
 L - +2 gold dragon scales (worn)
Jewellery
 a - the ring of Day {Ice *Slow Dex+3 SInv}
   (You found it in the Dungeon)

   [ring of ice]

   Ice:       It enhances your ice magic.
   Dex+3:     It affects your dexterity (+3).
   rF-:       It makes you vulnerable to fire.
   rC+:       It protects you from cold.
   SInv:      It lets you see invisible.
   *Slow:     It may slow you when you take damage.
 b - the ring "Zeujaud" (left hand) {rElec rN+ AC+6 Dex+2}
   (You found it in the Dungeon)

   [ring of protection]

   AC+6:      It affects your AC (+6).
   Dex+2:     It affects your dexterity (+2).
   rElec:     It insulates you from electricity.
   rN+:       It protects you from negative energy.
 t - a ring of wizardry
 y - a +3 ring of slaying
 z - a +6 ring of protection
 E - a +6 ring of protection
 G - the ring of Tengypsi {rPois AC+6 Dex-5 Slay+6 SInv}
   (You found it in the Dungeon)

   [ring of protection]

   AC+6:      It affects your AC (+6).
   Dex-5:     It affects your dexterity (-5).
   Slay+6:    It affects your accuracy & damage with ranged weapons and melee
   (+6).
   rPois:     It protects you from poison SInv: It lets you see invisible.
 H - the ring "Qaepaer" (right hand) {Drain rF++ rC+ MP+9 Stlth+}
   (You took it off a frost giant in the Dungeon)

   [ring of protection from cold]

   rF++:      It greatly protects you from fire.
   rC+:       It protects you from cold.
   MP+9:      It affects your magic capacity (+9).
   Drain:     It drains your maximum health when unequipped.
   Stlth+:    It makes you more stealthy.
 M - a ring of wizardry
 N - a +6 ring of evasion
 Q - the amulet "Ytuu" (around neck) {RegenMP Contam rPois Str+5 Int+4}
   (You found it in the Dungeon)

   [amulet of magic regeneration]

   RegenMP:   It increases your rate of magic regeneration.
   Str+5:     It affects your strength (+5).
   Int+4:     It affects your intelligence (+4).
   rPois:     It protects you from poison Contam: It causes magical
   contamination when unequipped.
 R - the ring of the Mage {Wiz Archmagi}
   (You found it in the Dungeon)

   [ring of wizardry]

   Wiz:       It improves your spell success rate.
   Archmagi:  It increases the power of your magical spells.
 U - an amulet of regeneration
 X - the ring of Iveism {rN++ rCorr Slay-6}
   (You found it in the Dungeon)

   [ring of resist corrosion]

   Slay-6:    It affects your accuracy & damage with ranged weapons and melee
   (-6).
   rN++:      It greatly protects you from negative energy.
   rCorr:     It protects you from acid and corrosion.
Wands
 h - a wand of flame (12)
 p - a wand of digging (16)
 A - a wand of paralysis (15)
 T - a wand of light (5)
Scrolls
 k - 2 scrolls of enchant armour
 m - 3 scrolls of vulnerability
 n - 5 scrolls of amnesia
 o - a scroll of blinking
 x - 4 scrolls of fog
 C - 7 scrolls of identify
 D - 5 scrolls of fear
 V - 2 scrolls of poison
 Z - a scroll of silence
Potions
 f - 14 potions of curing
 g - 11 potions of heal wounds
 i - 6 potions of magic
 j - 2 potions of berserk rage
 l - 2 potions of invisibility
 q - 5 potions of mutation
 r - 3 potions of resistance
 s - 2 potions of might
 u - 6 potions of brilliance
 S - 2 potions of enlightenment
 Y - a potion of attraction


   Skills:
 O Level 27 Fighting
 O Level 27 Polearms
 + Level 7.4 Throwing
 + Level 17.4 Armour
 - Level 16.0 Dodging
 - Level 12.1 Stealth
 - Level 6.7 Shields
 - Level 18.1 Spellcasting
 + Level 12.5 Fire Magic
 + Level 12.5 Air Magic
 - Level 15.0 Invocations


You had 38 spell levels left.
You knew the following spells:

 Your Spells              Type           Power      Damage    Failure   Level
a - Plasma Beam           Fire/Air       40%        2x1d54    8%          6
b - Wereblood             Tmut           27%        N/A       13%         2
c - Blink                 Tloc           54%        N/A       13%         2
d - Manifold Assault      Tloc           27%        N/A       63%         4

Your spell library contained the following spells:

 Spells                   Type           Power      Damage    Failure   Level
 Foxfire                  Conj/Fire      100%       2x1d9     1%          1
 Volatile Blastmotes      Fire/Tloc      100%       2d18      1%          3
 Cigotuvi's Dreadful Rot  Necr/Pois/Air  100%       N/A       2%          2
 Ignite Poison            Fire/Tmut/Pois 51%        N/A       4%          3
 Summon Lightning Spire   Summ/Air       59%        N/A       6%          4
 Vhi's Electric Charge    Tloc/Air       100%       N/A       6%          4
 Apportation              Tloc           54%        N/A       9%          1
 Necrotise                Necr           100%       1d9       9%          1
 Sting                    Tmut/Pois      100%       1d8       9%          1
 Summon Small Mammal      Summ           100%       N/A       9%          1
 Ensorcelled Hibernation  Hex/Ice        54%        N/A       13%         2
 Jinxbite                 Hex            54%        N/A       13%         2
 Lesser Beckoning         Tloc           54%        N/A       13%         2
 Momentum Strike          Conj/Tloc      54%        3d9       13%         2
 Sublimation of Blood     Necr           27%        N/A       13%         2
 Silence                  Hex/Air        29%        N/A       19%         5
 Dazzling Flash           Conj/Hex       54%        N/A       26%         3
 Frozen Ramparts          Ice            54%        1d9       26%         3
 Gell's Gravitas          Tloc           27%        N/A       26%         3
 Summon Guardian Golem    Hex/Summ       27%        N/A       26%         3
 Teleport Other           Tloc           27%        N/A       26%         3
 Tukima's Dance           Hex            27%        N/A       26%         3
 Vampiric Draining        Necr           27%        2d7       26%         3
 Anguish                  Hex/Necr       13%        N/A       63%         4
 Animate Armour           Summ/Erth      54%        N/A       63%         4
 Dimensional Bullseye     Hex/Tloc       13%        N/A       63%         4
 Dispel Undead            Necr           27%        3d13      63%         4
 Fulminant Prism          Conj/Hex       13%        3d8       63%         4
 Iskenderun's Mystic Bla  Conj/Tloc      27%        2d7       63%         4
 Petrify                  Tmut/Erth      27%        N/A       63%         4
 Starburst                Conj/Fire      29%        6d9       69%         6
 Agony                    Necr           27%        N/A       93%         5
 Alistair's Intoxication  Tmut/Pois      18%        N/A       93%         5
 Irradiate                Conj/Tmut      13%        3d16      93%         5
 Lee's Rapid Deconstruct  Erth           13%        3d9*      93%         5
 Metabolic Englaciation   Hex/Ice        13%        N/A       93%         5
 Summon Forest            Summ/Tloc      13%        N/A       93%         5
 Summon Mana Viper        Hex/Summ       27%        N/A       93%         5
 Death Channel            Necr           13%        N/A       100%        6
 Summon Cactus Giant      Summ           13%        N/A       100%        6
 Orb of Destruction       Conj           13%        9d7       100%        7
 Spellforged Servitor     Conj/Summ      13%        N/A       100%        7
 Summon Hydra             Summ           13%        N/A       100%        7


Dungeon Overview and Level Annotations

Branches:
Dungeon (1/1)

Altars:
Ashenzari
Cheibriados
Dithmenos
Elyvilon
Fedhas
Gozag
Hepliaklqana
Kikubaaqudgha
Makhleb
Nemelex Xobeh
Okawaru
Qazlal
Ru
Sif Muna
Trog
Uskayaw
Vehumet
Wu Jian
Xom
Yredelemnul
Zin
The Shining One
Jiyva
Lugonu


Innate Abilities, Weirdness & Mutations

You are too large for most types of armour.
You have tough skin. (AC +1)


Message History

You destroy the death scarab!
The death scarab's corpse disappears in a puff of smoke!
You kill the apis!
Cheibriados appreciates the change of pace.
Cheibriados raises the support of your attributes as your movement slows.
You destroy the death scarab!
The death scarab's corpse disappears in a puff of smoke!
You kill the alligator!
Cheibriados appreciates the change of pace.
The royal mummy casts a spell.
You have mastered Fighting!
You feel much better.
The royal mummy mumbles some strange words.
The royal mummy closely misses you.
Unknown command.
You hit the royal mummy.
The royal mummy is almost destroyed.
The death scarab closely misses you. The royal mummy hits you.
* * * LOW HITPOINT WARNING * * *
You open the royal mummy like a pillowcase!!!!
You destroy the royal mummy!
Cheibriados appreciates the change of pace.
The emperor scorpion disappears in a puff of smoke! x3
The death scarab disappears in a puff of smoke!
You feel extremely nervous for a moment...
Pain shoots through your body!
* * * LOW HITPOINT WARNING * * *
Your Throwing skill increases to level 7!
You hit the Hell Sentinel but do no damage.
The Hell Sentinel is heavily wounded.
The Hell Sentinel gestures at you.
The sphere of damnation explodes!
The damnation engulfs you!!
* * * LOW HITPOINT WARNING * * *
The damnation engulfs the Hell Sentinel.
The Hell Sentinel completely resists.
You slash the Hell Sentinel!
The Hell Sentinel is heavily wounded.
The Hell Sentinel gestures at you.
The sphere of damnation explodes!
The damnation engulfs you!!!
You die...

+,**+,**+,+*,***+*
,,,*,,,*,,,*+* *,*
*,***,+**,**,**#+#
***,***,+**,,,##.##
,+,,,+,,,**+,**...*
***,***,**,**++)§.*
* *** *********#.#*
***************#1#
,*,,,,+,,,,*,,*#@#
,*,,,,*,,,,*,,*#'#
+******+**+*,,*#.#
,,,,,,,,,,,*,,*#§#
,,,,,,,,,,,**+*#)#
,*,,*,,*,,,,,,*#'#
,,,,,,,,,,,**+*#.#
,,,,,,,,,,,*,,*#'#
+******+**+*,,*#)#


You could see a Hell Sentinel.

Vanquished Creatures
  An ancient lich (D)
  A royal mummy (D)
  Margery (D)
  A curse toe (D)
  A bone dragon (D)
  2 liches (D)
  2 titans (D)
  A deep elf master archer (D)
  2 sphinxes (D)
  A storm dragon (D)
  An Executioner (D)
  Gastronok (D)
  2 nagarajas (D)
  A daeva (D)
  3 deep elf sorcerers (D)
  2 frost giants (D)
  A draconian knight (D)
  A draconian scorcher (D)
  A ghost moth (D)
  A balrug (D)
  2 orc warlords (D)
  A draconian annihilator (D)
  2 stone giants (D)
  A reaper (D)
  Nessos (D)
  2 apis (D)
  2 deep elf annihilators (D)
  4 green draconians (D)
  2 red draconians (D)
  2 purple draconians (D)
  5 ettins (D)
  3 eidola (D)
  A deep elf death mage (D)
  A fire dragon (D)
  2 deep elf high priests (D)
  2 great orbs of eyes (D)
  3 vault guards (D)
  2 yaktaur captains (D)
  An ice dragon (D)
  A hydra (D)
  An alligator (D)
  6 two-headed ogres (D)
  7 ogre magi (D)
  An alligator (shapeshifter) (D)
  2 anacondas (D)
  A catoblepas (D)
  5 hell hogs (D)
  4 death knights (D)
  4 deep troll shamans (D)
  3 naga warriors (D)
  3 vampire magi (D)
  A soul eater (D)
  An orc high priest (D)
  2 spriggan berserkers (D)
  2 sun demons (D)
  A deep elf knight (D)
  A fire crab (D)
  5 skeletal warriors (D)
  A sea snake (D)
  A swamp dragon (D)
  13 iron trolls (D)
  15 deep trolls (D)
  A bog body (D)
  2 flayed ghosts (D)
  A phantasmal warrior (D)
  A lindwurm (D)
  4 harpies (D)
  A necromancer (D)
  12 orc knights (D)
  A wolf spider (D)
  A deep elf pyromancer (D)
  A salamander (D)
  An orc sorcerer (D)
  2 ugly things (D)
  11 cyclopes (D)
  A large abomination (D)
  A merfolk siren (D)
  A guardian serpent (D)
  A molten gargoyle (D)
  2 naga magi (D)
  A gargoyle (D)
  An orange demon (D)
  An eye of devastation (D)
  A cane toad (D)
  A kobold demonologist (D)
  An efreet (D)
  A komodo dragon (D)
  12 yaktaurs (D)
  An ice devil (D)
  A wandering mushroom (D)
  7 trolls (D)
  A hornet (D)
  A merfolk (D)
  A tyrant leech (D)
  A tarantella (D)
  A glass eye (D)
  2 jumping spiders (D)
  2 flying skulls (D)
  2 spriggans (D)
  A vampire (D)
  6 yaks (D)
  A wraith (D)
  A basilisk (D)
  A neqoxec (D)
  A steam dragon (D)
  10 redbacks (D)
  6 vampire mosquitoes (D)
  A warg (D)
  An acid dragon (D)
  A naga (D)
  A black bear (D)
  6 orc warriors (D)
  A black bear (shapeshifter) (D)
  A sky beast (D)
  An ice beast (D)
  6 wolves (D)
  15 ogres (D)
  A centaur (D)
  A necrophage (D)
  A bullfrog (D)
  4 killer bees (D)
  3 orc priests (D)
  A hound (D)
  Terence (D)
  3 orc wizards (D)
  A mummy (D)
  2 river rats (D)
  2 white imps (D)
  2 adder zombies (D)
  2 adder skeletons (D)
  A worm (D)
  17 orcs (D)
  A ball python (D)
  3 bats (D)
  2 giant cockroaches (D)
  A quokka (D)
  A bat simulacrum (D)
  4 frilled lizards (D)
  A giant cockroach zombie (D)
  2 kobolds (D)
  A quokka simulacrum (D)
350 creatures vanquished.

Vanquished Creatures (others)
  A catoblepas (D)
  A polar bear (D)
2 creatures vanquished.

Grand Total: 352 creatures vanquished

Notes
Turn   | Place    | Note
-------+----------+-------------------------------------------
     0 | D        | rocky1 the Ogre Gladiator began the quest for the Orb.
     0 | D        | Reached XP level 1. HP: 22/22 MP: 1/1
    18 | D        | Reached XP level 2. HP: 31/31 MP: 2/2
    49 | D        | Found a bloodstained altar of Trog.
    49 | D        | Found a shimmering blue altar of Sif Muna.
    49 | D        | Found a viscous altar of Jiyva.
    49 | D        | Found a hazy altar of Hepliaklqana.
    49 | D        | Found an opulent altar of Gozag.
    50 | D        | Found a glowing golden altar of the Shining One.
    50 | D        | Found a glowing silver altar of Zin.
    50 | D        | Found a basalt altar of Yredelemnul.
    50 | D        | Found a shimmering altar of Xom.
    50 | D        | Found an ornate altar of the Wu Jian Council.
    50 | D        | Found a sacrificial altar of Ru.
    50 | D        | Found a stormy altar of Qazlal.
    50 | D        | Found an iron altar of Okawaru.
    50 | D        | Found a sparkling altar of Nemelex Xobeh.
    50 | D        | Found a burning altar of Makhleb.
    50 | D        | Found a blossoming altar of Fedhas.
    50 | D        | Found a white marble altar of Elyvilon.
    50 | D        | Found a shadowy altar of Dithmenos.
    50 | D        | Found a snail-covered altar of Cheibriados.
    54 | D        | Found a corrupted altar of Lugonu.
    54 | D        | Found a radiant altar of Vehumet.
    55 | D        | Found a broken altar of Ashenzari.
    55 | D        | Found an ancient bone altar of Kikubaaqudgha.
    55 | D        | Found a hide-covered altar of Uskayaw.
    63 | D        | Became a worshipper of Cheibriados the Contemplative
    88 | D        | Reached * piety under Cheibriados
   189 | D        | Reached ** piety under Cheibriados
   192 | D        | Reached skill level 1 in Invocations
   196 | D        | Noticed a sky beast
   202 | D        | Killed a sky beast
   203 | D        | Reached skill level 5 in Dodging
   203 | D        | Reached skill level 1 in Stealth
   203 | D        | Reached XP level 3. HP: 38/40 MP: 2/5
   203 | D        | Reached XP level 4. HP: 46/49 MP: 2/6
   203 | D        | Reached *** piety under Cheibriados
   205 | D        | Reached **** piety under Cheibriados
   255 | D        | Noticed a flying skull
   259 | D        | Noticed an orc warrior
   269 | D        | Killed a flying skull
   270 | D        | Reached skill level 5 in Fighting
   270 | D        | Reached skill level 5 in Invocations
   270 | D        | Reached XP level 5. HP: 59/59 MP: 6/9
   270 | D        | Reached XP level 6. HP: 67/67 MP: 6/10
   275 | D        | Killed an orc warrior
   278 | D        | Reached ***** piety under Cheibriados
   540 | D        | Noticed Terence
   545 | D        | Killed Terence
   546 | D        | Reached XP level 7. HP: 76/76 MP: 10/12
   558 | D        | Noticed a basilisk
   560 | D        | Killed a basilisk
   560 | D        | Reached ****** piety under Cheibriados
   975 | D        | Noticed a jumping spider
   981 | D        | Killed a jumping spider
   982 | D        | Reached skill level 10 in Polearms
   986 | D        | Reached XP level 8. HP: 62/88 MP: 7/14
  1224 | D        | Noticed a deep elf pyromancer
  1224 | D        | Noticed an orc knight
  1224 | D        | Noticed an orc sorcerer
  1226 | D        | Killed a deep elf pyromancer
  1226 | D        | Killed an orc sorcerer
  1227 | D        | Reached skill level 5 in Stealth
  1227 | D        | Reached skill level 10 in Invocations
  1227 | D        | Reached XP level 9. HP: 98/98 MP: 4/16
  1229 | D        | Noticed a molten gargoyle
  1229 | D        | Noticed a kobold demonologist
  1233 | D        | Killed a molten gargoyle
  1233 | D        | Killed an orc knight
  1234 | D        | Reached skill level 10 in Fighting
  1241 | D        | Noticed a sun demon
  1243 | D        | Killed a kobold demonologist
  1385 | D        | Noticed a tyrant leech
  1394 | D        | Reached XP level 10. HP: 78/111 MP: 13/19
  1845 | D        | Noticed a cane toad
  1845 | D        | Noticed Gastronok
  1845 | D        | Noticed a phantasmal warrior
  1848 | D        | Killed a cane toad
  1849 | D        | Reached skill level 10 in Dodging
  1851 | D        | Killed a phantasmal warrior
  1867 | D        | Killed Gastronok
  1868 | D        | Reached skill level 15 in Invocations
  2233 | D        | Noticed an anaconda
  2233 | D        | Noticed an eidolon
  2233 | D        | Noticed an orc knight
  2235 | D        | Noticed a flayed ghost
  2236 | D        | Killed an anaconda
  2238 | D        | Killed an eidolon
  2238 | D        | Killed an orc knight
  2239 | D        | Reached skill level 5 in Spellcasting
  2239 | D        | Reached XP level 11. HP: 81/124 MP: 1/22
  2240 | D        | Killed a flayed ghost
  2241 | D        | Reached skill level 15 in Polearms
  2560 | D        | Noticed a bog body
  2572 | D        | Killed a bog body
  2613 | D        | Noticed an orc high priest
  2613 | D        | Noticed a lindwurm
  2614 | D        | Noticed a sea snake
  2616 | D        | Noticed an eidolon
  2617 | D        | Killed a lindwurm
  2617 | D        | Killed an orc high priest
  2630 | D        | Killed an eidolon
  2630 | D        | Killed a sea snake
  3041 | D        | Noticed a two-headed ogre
  3066 | D        | Reached skill level 15 in Fighting
  3070 | D        | Killed a two-headed ogre
  3071 | D        | Reached skill level 10 in Spellcasting
  3071 | D        | Reached XP level 12. HP: 82/143 MP: 24/26
  3927 | D        | Noticed a yaktaur captain
  3927 | D        | Noticed an ettin
  3927 | D        | Noticed a five-headed hydra
  3932 | D        | Killed a yaktaur captain
  3932 | D        | Killed an ettin
  3933 | D        | Killed a five-headed hydra
  4135 | D        | Noticed a nagaraja
  4143 | D        | Reached skill level 1 in Armour
  4151 | D        | Killed a nagaraja
  4152 | D        | Reached XP level 13. HP: 106/158 MP: 24/29
  4350 | D        | Reached skill level 10 in Stealth
  4465 | D        | Noticed a bone dragon
  4476 | D        | Noticed a purple draconian
  4479 | D        | Reached skill level 1 in Shields
  4483 | D        | Killed a purple draconian
  4488 | D        | Killed a bone dragon
  4923 | D        | Noticed an eidolon
  4940 | D        | Reached skill level 5 in Armour
  4953 | D        | Killed an eidolon
  5305 | D        | Identified the staff of Understanding {rN+ rCorr Necro}
  5305 | D        | Noticed Nessos
  5306 | D        | Killed Nessos
  5371 | D        | Identified the ring "Qaepaer" {Drain rF++ rC+ MP+9 Stlth+}
  5371 | D        | Noticed a frost giant
  5381 | D        | Killed a frost giant
  5382 | D        | Reached skill level 15 in Spellcasting
  5670 | D        | Noticed an orc warlord
  5670 | D        | Noticed an orc warlord
  5672 | D        | Noticed a vault guard
  5674 | D        | Reached XP level 14. HP: 174/174 MP: 17/33
  5675 | D        | Reached skill level 10 in Armour
  5676 | D        | Killed an orc warlord
  5679 | D        | Killed an orc warlord
  5821 | D        | Reached skill level 15 in Dodging
  6216 | D        | Noticed a lich
  6326 | D        | Noticed a green draconian
  6326 | D        | Noticed a deep elf sorcerer
  6327 | D        | Noticed a deep elf sorcerer
  6333 | D        | Killed a deep elf sorcerer
  6339 | D        | Killed a green draconian
  6340 | D        | Reached skill level 5 in Shields
  6480 | D        | Killed a deep elf sorcerer
  6487 | D        | Noticed a red draconian
  6487 | D        | Noticed a deep elf annihilator
  6487 | D        | Noticed a red draconian scorcher
  6496 | D        | Killed a red draconian
  6500 | D        | Killed a red draconian scorcher
  6503 | D        | Killed a deep elf annihilator
  6505 | D        | Noticed a lich
  6600 | D        | Killed a lich
  6747 | D        | Reached XP level 15. HP: 189/189 MP: 36/36
  6762 | D        | Noticed a sphinx
  6772 | D        | Noticed a sphinx
  6788 | D        | Killed a sphinx
  6794 | D        | Killed a sphinx
  6810 | D        | Noticed a deep elf sorcerer
  6828 | D        | Killed a deep elf sorcerer
  6828 | D        | Killed a lich
  6863 | D        | Got the Volume of Nonlocality
  6985 | D        | Got the amulet of Wishful Thinking {Spirit rPois rF+}
  6987 | D        | Got the ring of Okawaru's Vengeance {Ice rCorr}
  6989 | D        | Got the ring "Gesoota" {*Corrode rPois Will+ Str+4}
  6991 | D        | Got the ring "Tyneq" {rPois rF+ Will+ rCorr Dex+5}
  6994 | D        | Got the amulet "Niyty" {Faith rC+ rCorr Slay+2}
  6996 | D        | Got the amulet of Attitude {Faith rC+ Str+3 Int+2 Dex-3}
  6998 | D        | Got the amulet "Ytuu" {RegenMP Contam rPois Str+5 Int+4}
  7000 | D        | Got the ring "Tocituci" {rElec rN+}
  7002 | D        | Got the amulet "Vaomuam" {Acrobat Int+5}
  7004 | D        | Got the amulet "Qinwo" {Spirit Harm rPois Slay+3}
  7007 | D        | Got the ring of Xom's Best Wishes {rF+ rN+ Dex+6 Stlth+}
  7009 | D        | Got the amulet "Baq Oddio" {Spirit Slay+2}
  7011 | D        | Got the amulet of Cegred {Regen+ Str+3}
  7025 | D        | Got the ring "Ariteasain" {AC+6 Str+4}
  7027 | D        | Got the ring of Tued {Ice rPois Int+3}
  7029 | D        | Got the ring of the Jester {Fire +Blink Int-5 SInv}
  7094 | D        | Got the ring "Zeujaud" {rElec rN+ AC+6 Dex+2}
  7096 | D        | Got the ring of Ephemeral Luck {Ice rElec SInv}
  7098 | D        | Got the ring of the Devil's Team {Will+ Str-3 Int+5}
  7100 | D        | Got the ring "Uwnyrr" {rN+ Dex+3}
  7103 | D        | Got the ring of Borchoa {rPois rC- rN+ Str+6 Dex-5}
  7105 | D        | Got the ring "Jerpholl" {EV+6 Str+3 Int-3}
  7107 | D        | Got the ring "Baxkyepp" {Str+2 Dex+6 SInv}
  7109 | D        | Got the ring "Geloeku Bava" {rC- rCorr Str+6 Int+6 Slay+2}
  7111 | D        | Got the ring of Tengypsi {rPois AC+6 Dex-5 Slay+6 SInv}
  7113 | D        | Got the ring of the Salamander {rF+ rC+}
  7123 | D        | Learned a level 6 spell: Plasma Beam
  7126 | D        | Learned a level 2 spell: Wereblood
  7129 | D        | Learned a level 2 spell: Blink
  7134 | D        | Learned a level 4 spell: Manifold Assault
  7243 | D        | Killed a ghost moth
  7380 | D        | Noticed a balrug
  7380 | D        | Noticed a daeva
  7383 | D        | Killed a balrug
  7395 | D        | Killed a daeva
  7695 | D        | Noticed a frost giant
  7704 | D        | Killed a frost giant
  7991 | D        | Noticed a deep elf master archer
  7991 | D        | Noticed a nagaraja
  7991 | D        | Noticed an ancient lich
  7996 | D        | Killed an ancient lich
  7997 | D        | Reached skill level 27 in Polearms
  7997 | D        | Reached XP level 16. HP: 74/201 MP: 28/38
  7997 | D        | Killed a deep elf master archer
  7998 | D        | Killed a nagaraja
  8008 | D        | Reached skill level 5 in Fire Magic
  8008 | D        | Reached skill level 5 in Air Magic
  8326 | D        | Got the ring of Day {Ice *Slow Dex+3 SInv}
  8441 | D        | Found the +8 mithril axe "Arga" {speed, Will+}
  8441 | D        | Noticed a titan
  8445 | D        | Reached skill level 15 in Armour
  8447 | D        | Killed a titan
  8477 | D        | Reached skill level 10 in Fire Magic
  8477 | D        | Reached skill level 10 in Air Magic
  8482 | D        | Found the ring of the Mage {Wiz Archmagi}
  8914 | D        | Got the ring of Iveism {rN++ rCorr Slay-6}
  8918 | D        | Got the Directory of Sculpting
  8970 | D        | Got a silver rune of Zot
  9169 | D        | Acquired a +1 bardiche of venom
  9301 | D        | Noticed a titan
  9307 | D        | Killed a titan
  9423 | D        | Reached XP level 17. HP: 181/223 MP: 39/39
  9495 | D        | Noticed a curse toe
  9501 | D        | Killed a curse toe
  9703 | D        | Reached skill level 5 in Throwing
  9707 | D        | Noticed Margery
  9710 | D        | Killed Margery
  9712 | D        | Noticed an Executioner
  9712 | D        | Noticed a Hell Sentinel
  9712 | D        | Noticed a royal mummy
  9713 | D        | Killed an Executioner
  9726 | D        | Reached skill level 27 in Fighting
  9728 | D        | Killed a royal mummy
  9729 | D        | HP: 6/226 [Hell Sentinel/damnation (35)]
  9730 | D        | Killed from afar by a Hell Sentinel

Illustrated notes

Levels and vault maps discovered:
D:        pitsprint [storerooms_1, entrance_room_1, metal_vault_2, armoury_1,
          mini_pit_1, grid_room_1, main_hall_1, silver_pit, the_coven_1,
          the_vestibule_1, steel_vault_4, golden_pit, hallway_of_sentries,
          crystal_vault_4, iron_vault_4, final_vault]

Skill      XL: |  1  2  3  4  5  6  7  8  9 10 11 12 13 14 15 16 17 |
---------------+----------------------------------------------------+-----
Fighting       | 3 4 5 6 7 9 10 12 15 18 19 21 22 26 27 | 27.0
Polearms       | 4 6 8 9 10 12 13 14 16 17 18 19 27 | 27.0
Dodging        | 3 5 6 7 8 9 10 11 12 14 15 16 | 16.0
Invocations    | 3 5 6 8 10 12 15 | 15.0
Stealth        | 1 2 4 5 6 7 8 9 10 11 12 | 12.1
Spellcasting   | 5 10 12 15 17 18 | 18.1
Armour         | 1 9 13 16 17 | 17.4
Shields        | 3 6 |  6.7
Fire Magic     | 11 12 | 12.5
Air Magic      | 11 12 | 12.5
Throwing       | 3 7 |  7.4

Action                     |  1- 3 |  4- 6 |  7- 9 | 10-12 | 13-15 | 16-18 || total
---------------------------+-------+-------+-------+-------+-------+-------++-------
  Melee: Trident           |    23 |    30 |    33 |   135 |   116 |       ||   337
         Punch             |     1 |     1 |       |     5 |     2 |       ||     9
         Halberd           |       |       |       |       |   160 |    55 ||   215
         Bardiche          |       |       |       |       |       |    36 ||    36
 Invoke: Slouch            |       |       |     6 |    22 |    58 |    21 ||   107
    Use: Potion            |     1 |     3 |     1 |     5 |     8 |     2 ||    20
         Scroll            |       |       |       |     1 |     4 |     8 ||    13
   Stab: Sleeping          |     3 |       |     5 |     1 |       |       ||     9
         Petrified         |       |       |       |       |     3 |       ||     3
         Distracted        |       |       |       |       |     2 |       ||     2
         Petrifying        |       |       |       |       |     3 |       ||     3
 Armour: Robe              |     9 |    22 |    13 |    59 |       |       ||   103
         Swamp dragon scal |       |       |       |    11 |    99 |       ||   110
         Gold dragon scale |       |       |       |       |   112 |    80 ||   192
  Dodge: Dodged            |    17 |    22 |    15 |    94 |   196 |    45 ||   389
  Block: Other             |       |       |       |     4 |    31 |       ||    35
         Reflection        |       |       |       |     1 |     4 |       ||     5

Table legend: (Time is in decaauts) A = Elapsed time spent in this place. B = Non-inter-level travel time spent in this place. C = Inter-level travel time spent in this place. D = Time resting spent in this place. E = Time spent auto-exploring this place. F = Levels seen in this place. G = Mean time per level. A B C D E F G +--------+--------+--------+--------+--------+-----+--------+ Total | 11301 | 11074 | 227 | 6826 | 0 | 1 | 11301.0 | Dungeon | 11301 | 11074 | 227 | 6826 | 0 | 1 | 11301.0 | +--------+--------+--------+--------+--------+-----+--------+

Top non-repeatable levels by time:
       D: 11301 daAuts
